NCAA
GEORGETOWN HOYAS @ KANSAS STATE WILDCATS
04/20/2026
 
TOP OF THE 1ST
Georgetown Hoyas batting - Pitching for Kansas State Wildcats : LHP Germán Sánchez
Pitching: LHP Germán Sánchez
Batting: RHB Bob Lee 0-0: Foul Ball, location: 2F
0-1: Ground out 6-3 (Groundball, 6)
Batting: LHB Chris Smith 0-0: Called Strike
0-1: Swinging Strike
0-2: Strikes out swinging
Batting: RHB Hubert MacDonald 0-0: Called Strike
0-1: Ball
1-1: SINGLE (Line Drive, 4D)
Batting: LHB Ken Bullard 0-0: Foul Ball, location: 2F
0-1: Swinging Strike
0-2: Ball
1-2: Ground out U3 (Groundball, 3L)
Top of the 1st over - 0 run(s), 1 hit(s), 0 error(s), 1 left on base; Georgetown 0 - Kansas State 0
BOTTOM OF THE 1ST
Kansas State Wildcats batting - Pitching for Georgetown Hoyas : RHP Carl Jones
Pitching: RHP Carl Jones
Batting: LHB José Peralta 0-0: Ball
1-0: Ball
2-0: Swinging Strike
2-1: Ground out 1-3 (Groundball, 13)
Batting: RHB Javier Sánchez 0-0: Ball
1-0: Ball
2-0: Called Strike
2-1: Foul Ball, location: 2F
2-2: Ground out 3-1 (Groundball, 34)
Batting: RHB José Valdés 0-0: Ball
1-0: Called Strike
1-1: Foul Ball, location: 2F
1-2: Strikes out swinging
Bottom of the 1st over - 0 run(s), 0 hit(s), 0 error(s), 0 left on base; Georgetown 0 - Kansas State 0
TOP OF THE 2ND
Georgetown Hoyas batting - Pitching for Kansas State Wildcats : LHP Germán Sánchez
Batting: RHB Brian Harvey 0-0: Foul Ball, location: 2F
0-1: Ball
1-1: Ball
2-1: Ball
3-1: Base on Balls
Pitching: RHP Jim Edmiston
Batting: RHB Glenn Rojas 0-0: Foul Ball, location: 2F
0-1: Ball
1-1: DOUBLE (Flyball, 9S)
Brian Harvey to third
Batting: SHB Chris Young 0-0: Called Strike
0-1: Swinging Strike
0-2: Strikes out swinging
Batting: LHB Robinson Ordóńez 0-0: Ball
1-0: Swinging Strike
1-1: Swinging Strike
1-2: Ball
2-2: Strikes out swinging
Batting: LHB Preston Leach 0-0: Called Strike
0-1: 3-RUN HOME RUN (Flyball, 9LD), Distance : 338 ft
Batting: RHB Bob Lee 0-0: Foul Ball, location: 2F
0-1: Ground out 1-3 (Groundball, 13S)
Top of the 2nd over - 3 run(s), 2 hit(s), 0 error(s), 0 left on base; Georgetown 3 - Kansas State 0
BOTTOM OF THE 2ND
Kansas State Wildcats batting - Pitching for Georgetown Hoyas : RHP Carl Jones
Batting: LHB Jim Knight 0-0: Called Strike
0-1: Fly out, F7 (Flyball, 7LS)
Batting: RHB Steve Ashe 0-0: Ground out 6-3 (Groundball, 6)
Batting: RHB David MacKinney 0-0: Foul Ball, location: 2F
0-1: Swinging Strike
0-2: Ball
1-2: Hit by Pitch
Batting: RHB Kyle Mann 0-0: Ball
1-0: SINGLE (Groundball, 56)
David MacKinney to second
Batting: RHB River Cunningham 0-0: Called Strike
0-1: Ball
1-1: Ball
2-1: Ball
3-1: Swinging Strike
3-2: Fly out, F8 (Flyball, 8RM)
Bottom of the 2nd over - 0 run(s), 1 hit(s), 0 error(s), 2 left on base; Georgetown 3 - Kansas State 0
TOP OF THE 3RD
Georgetown Hoyas batting - Pitching for Kansas State Wildcats : RHP Jim Edmiston
Batting: LHB Chris Smith 0-0: Foul Ball, location: 2F
0-1: Ball
1-1: Fly out, F7 (Flyball, 78M)
Batting: RHB Hubert MacDonald 0-0: Called Strike
0-1: Called Strike
0-2: Ball
1-2: Fly out, F3 (Popup, 23F)
Batting: LHB Ken Bullard 0-0: Called Strike
0-1: Called Strike
0-2: Foul Ball, location: 2F
0-2: Strikes out swinging
Top of the 3rd over - 0 run(s), 0 hit(s), 0 error(s), 0 left on base; Georgetown 3 - Kansas State 0
BOTTOM OF THE 3RD
Kansas State Wildcats batting - Pitching for Georgetown Hoyas : RHP Carl Jones
Batting: SHB Felipe Martínez 0-0: Called Strike
0-1: Ball
1-1: Foul Ball, location: 2F
1-2: Ball
2-2: Foul Ball, location: 2F
2-2: Strikes out swinging
Batting: LHB José Peralta 0-0: Ball
1-0: Foul Ball, location: 2F
1-1: Foul Ball, location: 2F
1-2: Ground out U3 (Groundball, 3L)
Batting: RHB Javier Sánchez 0-0: Ball
1-0: Ball
2-0: Ball
3-0: Base on Balls
Batting: RHB José Valdés 0-0: Fly out, F9 (Flyball, 89M)
Bottom of the 3rd over - 0 run(s), 0 hit(s), 0 error(s), 1 left on base; Georgetown 3 - Kansas State 0
TOP OF THE 4TH
Georgetown Hoyas batting - Pitching for Kansas State Wildcats : RHP Jim Edmiston
Batting: RHB Brian Harvey 0-0: Called Strike
0-1: Foul Ball, location: 2F
0-2: Strikes out swinging
Batting: RHB Glenn Rojas 0-0: Called Strike
0-1: Ball
1-1: Called Strike
1-2: Strikes out swinging
Batting: SHB Chris Young 0-0: Called Strike
0-1: Ground out 4-3 (Groundball, 4)
Top of the 4th over - 0 run(s), 0 hit(s), 0 error(s), 0 left on base; Georgetown 3 - Kansas State 0
BOTTOM OF THE 4TH
Kansas State Wildcats batting - Pitching for Georgetown Hoyas : RHP Carl Jones
Batting: LHB Jim Knight 0-0: Called Strike
0-1: SINGLE (Groundball, 34)
Batting: RHB Steve Ashe 0-0: Called Strike
0-1: Ball
1-1: Called Strike
1-2: Fly out, F9 (Flyball, 9S)
Batting: RHB David MacKinney 0-0: Called Strike
0-1: DOUBLE (Flyball, 7LS)
Jim Knight to third
Batting: RHB Kyle Mann 0-0: Ball
1-0: Ball
2-0: SINGLE (Groundball, 6MD)
Jim Knight scores
David MacKinney to third
Runner from 3rd tries for Home, SAFE, throw made home
Batting: RHB River Cunningham 0-0: Called Strike
0-1: Called Strike
0-2: Ball
1-2: Ball
2-2: Ball
3-2: Strikes out swinging
Kyle Mann steals 2nd base
Batter strikes out.
Batting: SHB Felipe Martínez 0-0: SINGLE (Groundball, 56D) (infield hit)
Kyle Mann to third
Batting: LHB José Peralta 0-0: Ball
1-0: Ball
2-0: Called Strike
2-1: SINGLE (Line Drive, 4M)
Kyle Mann scores
Felipe Martínez to second
Batting: RHB Javier Sánchez 0-0: Ball
1-0: Ball
2-0: Ball
3-0: Called Strike
3-1: Base on Balls
Felipe Martínez to third
José Peralta to second
Batting: RHB José Valdés 0-0: Called Strike
0-1: Foul Ball, location: 2F
0-2: Ball
1-2: Strikes out looking
Bottom of the 4th over - 3 run(s), 5 hit(s), 0 error(s), 3 left on base; Georgetown 3 - Kansas State 3
TOP OF THE 5TH
Georgetown Hoyas batting - Pitching for Kansas State Wildcats : RHP Jim Edmiston
Batting: LHB Robinson Ordóńez 0-0: Called Strike
0-1: Ball
1-1: Ball
2-1: Called Strike
2-2: Ground out 4-3 (Groundball, 4M)
Batting: LHB Preston Leach 0-0: Called Strike
0-1: SINGLE (Groundball, 4M)
Batting: RHB Bob Lee 0-0: Ball
1-0: Called Strike
1-1: Foul Ball, location: 2F
1-2: Foul Ball, location: 2F
1-2: Foul Ball, location: 2F
1-2: Foul Ball, location: 2F
1-2: Ball
2-2: Ball
3-2: Fly out, F9 (Flyball, 89M)
Pitching: RHP Miguel López
Batting: LHB Chris Smith 0-0: 2-RUN HOME RUN (Flyball, 9LD), Distance : 332 ft
Batting: RHB Hubert MacDonald 0-0: Called Strike
0-1: Fly out, F8 (Flyball, 8RM)
Top of the 5th over - 2 run(s), 2 hit(s), 0 error(s), 0 left on base; Georgetown 5 - Kansas State 3
BOTTOM OF THE 5TH
Kansas State Wildcats batting - Pitching for Georgetown Hoyas : RHP Carl Jones
Pitching: RHP Alejandro Palácios
Batting: LHB Jim Knight 0-0: Called Strike
0-1: Ball
1-1: Called Strike
1-2: Fly out, F9 (Flyball, 9M)
Batting: RHB Steve Ashe 0-0: Ball
1-0: Called Strike
1-1: Swinging Strike
1-2: Ground out 6-3 (Groundball, 6)
Batting: RHB David MacKinney 0-0: Ball
1-0: Foul Ball, location: 2F
1-1: Foul Ball, location: 2F
1-2: Strikes out swinging
Bottom of the 5th over - 0 run(s), 0 hit(s), 0 error(s), 0 left on base; Georgetown 5 - Kansas State 3
TOP OF THE 6TH
Georgetown Hoyas batting - Pitching for Kansas State Wildcats : RHP Miguel López
Batting: LHB Ken Bullard 0-0: Ball
1-0: Called Strike
1-1: Ball
2-1: SINGLE (Line Drive, 9LS)
Batting: RHB Brian Harvey 0-0: Ball
Ken Bullard steals 2nd base
1-0: Fly out, F8 (Popup, 8LS)
Batting: RHB Glenn Rojas 0-0: Intentional Walk
Batting: SHB Chris Young 0-0: Ball
1-0: Ball
2-0: Foul Ball, location: 2F
2-1: Fly out, F7 (Flyball, 7LM)
Batting: LHB Robinson Ordóńez 0-0: Ball
1-0: Ball
2-0: Ball
3-0: Base on Balls
Ken Bullard to third
Glenn Rojas to second
Pitching: RHP Micah Manning
Batting: LHB Preston Leach 0-0: Foul Ball, location: 2F
0-1: SINGLE (Line Drive, 34D)
Ken Bullard scores
Glenn Rojas to third
Robinson Ordóńez to second
Runner from 3rd tries for Home, SAFE, no throw or cutoff
Batting: RHB Bob Lee 0-0: Ball
1-0: Ball
2-0: Swinging Strike
2-1: Foul Ball, location: 2F
2-2: SINGLE (Groundball, 4M)
Robinson Ordóńez to third
Preston Leach to second
Batting: LHB Chris Smith 0-0: Ball
1-0: Ground out 3-1 (Groundball, 34)
Top of the 6th over - 2 run(s), 3 hit(s), 0 error(s), 3 left on base; Georgetown 7 - Kansas State 3
BOTTOM OF THE 6TH
Kansas State Wildcats batting - Pitching for Georgetown Hoyas : RHP Alejandro Palácios
Batting: RHB Kyle Mann 0-0: Ball
1-0: Ball
2-0: Hit by Pitch
Batting: RHB River Cunningham 0-0: Ball
1-0: Called Strike
1-1: Swinging Strike
1-2: Foul Ball, location: 2F
1-2: SINGLE (Line Drive, 6D)
Kyle Mann to second
Batting: SHB Felipe Martínez 0-0: Swinging Strike
0-1: Swinging Strike
0-2: Ball
1-2: Ball
2-2: Strikes out swinging
Batting: LHB José Peralta 0-0: SINGLE (Flyball, 89S)
Kyle Mann to third
River Cunningham to second
Batting: RHB Javier Sánchez 0-0: Called Strike
0-1: Grounds into double play, 1-2-3 (Groundball, 3S)
Bottom of the 6th over - 0 run(s), 2 hit(s), 0 error(s), 2 left on base; Georgetown 7 - Kansas State 3
TOP OF THE 7TH
Georgetown Hoyas batting - Pitching for Kansas State Wildcats : RHP Micah Manning
Batting: RHB Hubert MacDonald 0-0: Ball
1-0: Called Strike
1-1: Foul Ball, location: 2F
1-2: Strikes out looking
Batting: LHB Ken Bullard 0-0: Ball
1-0: Called Strike
1-1: Ball
2-1: Fly out, F4 (Popup, 6MS)
Batting: RHB Brian Harvey 0-0: Ball
1-0: Ball
2-0: Ball
3-0: Called Strike
3-1: Fly out, F8 (Flyball, 89M)
Top of the 7th over - 0 run(s), 0 hit(s), 0 error(s), 0 left on base; Georgetown 7 - Kansas State 3
BOTTOM OF THE 7TH
Kansas State Wildcats batting - Pitching for Georgetown Hoyas : RHP Alejandro Palácios
Batting: RHB José Valdés 0-0: Ball
1-0: Swinging Strike
1-1: Called Strike
1-2: Foul Ball, location: 2F
1-2: Ball
2-2: Strikes out looking
Batting: LHB Jim Knight 0-0: Ball
1-0: Foul Ball, location: 2F
1-1: Ground out 5-3 (Groundball, 56)
Batting: RHB Steve Ashe 0-0: Ball
1-0: Foul Ball, location: 2F
1-1: Ball
2-1: Ball
3-1: Base on Balls
Batting: RHB David MacKinney 0-0: Fly out, F9 (Flyball, 89M)
Bottom of the 7th over - 0 run(s), 0 hit(s), 0 error(s), 1 left on base; Georgetown 7 - Kansas State 3
TOP OF THE 8TH
Georgetown Hoyas batting - Pitching for Kansas State Wildcats : RHP Micah Manning
Batting: RHB Glenn Rojas 0-0: Swinging Strike
0-1: Ball
1-1: Called Strike
1-2: Strikes out swinging
Batting: SHB Chris Young 0-0: Ground out U3 (Groundball, 3S)
Batting: LHB Robinson Ordóńez 0-0: Foul Ball, location: 2F
0-1: Called Strike
0-2: Ball
1-2: Strikes out swinging
Top of the 8th over - 0 run(s), 0 hit(s), 0 error(s), 0 left on base; Georgetown 7 - Kansas State 3
BOTTOM OF THE 8TH
Kansas State Wildcats batting - Pitching for Georgetown Hoyas : RHP Alejandro Palácios
Batting: RHB Kyle Mann 0-0: Ball
1-0: Foul Ball, location: 2F
1-1: Fly out, F9 (Flyball, 9M)
Batting: RHB River Cunningham 0-0: Ball
1-0: Ball
Single, Error in OF, E7, batter to second base
Pitching: RHP Brandon Lee
Batting: SHB Felipe Martínez 0-0: Ball
1-0: Ball
2-0: Ball
3-0: Called Strike
3-1: Foul Ball, location: 2F
3-2: Base on Balls
Batting: LHB José Peralta 0-0: Called Strike
0-1: Foul Ball, location: 2F
0-2: Ball
1-2: Ball
2-2: Ball
3-2: Base on Balls
River Cunningham to third
Felipe Martínez to second
Batting: RHB Javier Sánchez 0-0: SINGLE (Groundball, 5L)
River Cunningham scores
Felipe Martínez to third
José Peralta to second
Batting: RHB José Valdés 0-0: Ball
1-0: Swinging Strike
1-1: Foul Ball, location: 2F
1-2: Ball
Wild Pitch!
Felipe Martínez scores
José Peralta to third
Javier Sánchez to second
2-2: Foul Ball, location: 2F
2-2: Ball
3-2: Foul Ball, location: 2F
3-2: Base on Balls
Pitching: RHP Don Jones
Batting: LHB Jim Knight 0-0: Fly out, F8 (Flyball, 8LM)
Runner from 3rd tags up, SCORES, no throw
Batting: RHB Steve Ashe 0-0: Fly out, F2 (Popup, 2LF)
Bottom of the 8th over - 3 run(s), 2 hit(s), 1 error(s), 2 left on base; Georgetown 7 - Kansas State 6
TOP OF THE 9TH
Georgetown Hoyas batting - Pitching for Kansas State Wildcats : RHP Micah Manning
Pitching: RHP Ron Davis
Batting: LHB Preston Leach 0-0: Ball
1-0: Swinging Strike
1-1: Ball
2-1: Ball
3-1: Fly out, F7 (Flyball, 7M)
Batting: RHB Bob Lee 0-0: Ball
1-0: Swinging Strike
1-1: Ball
2-1: Foul Ball, location: 2F
2-2: Ball
3-2: Strikes out looking
Batting: LHB Chris Smith 0-0: Ball
1-0: Called Strike
1-1: Ball
2-1: Foul Ball, location: 2F
2-2: Ball
3-2: Strikes out swinging
Top of the 9th over - 0 run(s), 0 hit(s), 0 error(s), 0 left on base; Georgetown 7 - Kansas State 6
BOTTOM OF THE 9TH
Kansas State Wildcats batting - Pitching for Georgetown Hoyas : RHP Don Jones
Batting: RHB David MacKinney 0-0: Foul Ball, location: 2F
0-1: Swinging Strike
0-2: Ball
1-2: Ball
2-2: Ball
3-2: Strikes out swinging
Batting: RHB Kyle Mann 0-0: Ball
1-0: SINGLE (Groundball, 56D)
Pitching: LHP Joseph Elliott
Batting: RHB River Cunningham 0-0: Ball
1-0: Ball
2-0: Grounds into double play, 6-4-3 (Groundball, 6)
Bottom of the 9th over - 0 run(s), 1 hit(s), 0 error(s), 0 left on base; Georgetown 7 - Kansas State 6
Monday, December 5th, 2016 - OOTP Baseball 17.12 Build 75